 Dungeon Crawl Stone Soup version 0.28.0-1-gb440e238dd (webtiles) character file.

Game seed: 5901417742599920531

14 browni3141 the Digger (level 2, 19/20 HPs)
             Began as a Gnoll Earth Elementalist on Feb 19, 2022.
             Got out of the dungeon alive.
             The game lasted 00:01:27 (613 turns).

browni3141 the Digger (Gnoll Earth Elementalist)     Turns: 613, Time: 00:01:27

Health: 19/20      AC:  2    Str:  7    XL:     2   Next: 45%
Magic:  7/7        EV: 13    Int: 14    God:
Gold:   13         SH:  0    Dex: 12    Spells: 7/10 levels left

rFire   . . .      SeeInvis .   a - +0 dagger
rCold   . . .      Faith    .   (no shield)
rNeg    . . .      Spirit   .   b - +0 robe
rPois   .          Reflect  .   (no helmet)
rElec   .          Harm     .   (no cloak)
rCorr   .          Rampage  .   (no gloves)
Will    .....                   (no boots)
Stlth   ++........              (no amulet)
HPRegen 0.06/turn               (no ring)
MPRegen 0.10/turn               (no ring)

@: no status effects
A: fangs 1, strong nose, distributed training
a: no special abilities


You escaped.
You visited 1 branch of the dungeon, and saw 1 of its levels.

You collected 13 gold pieces.


Innate Abilities, Weirdness & Mutations

You have very sharp teeth.
Your uncanny sense of smell can sniff out nearby items.
Your experience applies equally to all skills.


   Skills:
 + Level 0.4 Fighting
 + Level 0.4 Short Blades
 + Level 0.4 Long Blades
 + Level 0.4 Axes
 + Level 0.4 Maces & Flails
 + Level 0.4 Polearms
 + Level 0.4 Staves
 + Level 0.4 Slings
 + Level 0.4 Bows
 + Level 0.4 Crossbows
 + Level 0.4 Throwing
 + Level 0.4 Armour
 + Level 4.5 Dodging
 + Level 4.1 Stealth
 + Level 0.4 Shields
 + Level 0.4 Unarmed Combat
 + Level 4.9 Spellcasting
 + Level 0.2 Conjurations
 + Level 0.2 Hexes
 + Level 0.2 Summonings
 + Level 0.2 Necromancy
 + Level 0.2 Translocations
 + Level 2.0 Transmutations
 + Level 0.2 Fire Magic
 + Level 0.2 Ice Magic
 + Level 0.2 Air Magic
 + Level 5.3 Earth Magic
 + Level 0.2 Poison Magic
 + Level 0.5 Invocations
 + Level 0.4 Evocations


You had 7 spell levels left.
You knew the following spells:

 Your Spells              Type           Power      Damage    Failure   Level
a - Passwall              Tmut/Erth      10%        N/A       6%          2
z - Sandblast             Erth           36%        2d10      1%          1

Your spell library contained the following spells:

 Spells                   Type           Power      Damage    Failure   Level
 Stone Arrow              Conj/Erth      22%        3d8       17%         3
 Petrify                  Tmut/Erth      13%        N/A       36%         4

Inventory:

Hand Weapons
 a - a +0 dagger (weapon)
Missiles
 c - 28 stones {@f1}
Armour
 b - a +0 robe (worn)
Potions
 d - a potion of curing {unknown}

Dungeon Overview and Level Annotations

Branches:
Dungeon (1/15)

Altars:

..............................†..
.......#####.................$###
...#...#####.#.....#..........#
.......).....##.(.##......#####
....#####....###.###.....## ....#
#.###.#####.###.## ###.#
#..###.###.###..# ....#
#...###.#.###...# .#..# #....#
#@###....#
....#####...###.#.###....
...........###.# #.###[..
##..#####.###.# #.###.. #..##
#....# #.. ##...####....# ...
...........#.# ###
##.##..#####... #...............


There were no monsters in sight!


Message History

You kill the rat!
No target in view!
Memorise Passwall, consuming 2 spell levels and leaving 7?
You finish memorising.
Spell assigned to 'a'.
A rat comes into view.
A rat is nearby!
A rat is nearby!
Found a coppery potion and 10 stones.
You can't see any susceptible monsters within range! (Use Z to cast anyway.)
The helpless rat fails to defend itself.
You puncture the rat!
You kill the rat!
d - a coppery potion
c - 28 stones {@f1} (gained 10)
Found 17 gold pieces.
A rat comes into view.
A rat is nearby!
You barely miss the rat. You bite the rat, but do no damage.
The rat bites you but does no damage.
You barely miss the rat. The rat closely misses you.
You barely miss the rat. You bite the rat, but do no damage.
The rat completely misses you.
You barely miss the rat. The rat bites you.
You completely miss the rat. You punch the rat.
You kill the rat!
You see here a rat corpse.
Found a robe.
There is a staircase leading out of the dungeon here.
Are you sure you want to leave the Dungeon?
This will make you lose the game!
You have escaped!

Skill      XL: |  1 |
---------------+----+-----
Transmutations | 2 |  2.0
Fighting       | |  0.4
Short Blades   | |  0.4
Long Blades    | |  0.4
Axes           | |  0.4
Maces & Flails | |  0.4
Polearms       | |  0.4
Staves         | |  0.4
Slings         | |  0.4
Bows           | |  0.4
Crossbows      | |  0.4
Throwing       | |  0.4
Armour         | |  0.4
Dodging        | |  4.5
Stealth        | |  4.1
Shields        | |  0.4
Unarmed Combat | |  0.4
Spellcasting   | |  4.9
Conjurations   | |  0.2
Hexes          | |  0.2
Summonings     | |  0.2
Necromancy     | |  0.2
Translocations | |  0.2
Fire Magic     | |  0.2
Ice Magic      | |  0.2
Air Magic      | |  0.2
Earth Magic    | |  5.3
Poison Magic   | |  0.2
Invocations    | |  0.5
Evocations     | |  0.4

Action                   || total
-------------------------++-------
Melee: Unarmed           ||     5
       Dagger            ||    14
       Bite              ||     2
       Punch             ||     1
 Cast: Sandblast         ||    12
 Stab: Sleeping          ||     4
Armor: Robe              ||     3
Dodge: Dodged            ||     8

Levels and vault maps discovered:
D:1:      roderic_crossed_star, layout_rooms

Notes
Turn   | Place    | Note
-------+----------+-------------------------------------------
     0 | D:1      | browni3141 the Gnoll Earth Elementalist began the quest for
                  | the Orb.
     0 | D:1      | Reached XP level 1. HP: 13/13 MP: 6/6
    46 | D:1      | Reached skill level 2 in Transmutations
   233 | D:1      | Reached XP level 2. HP: 19/19 MP: 5/7
   542 | D:1      | Learned a level 2 spell: Passwall
   613 | D:$      | Got out of the dungeon alive.

Vanquished Creatures
  A dart slug (D:1)
  An endoplasm (D:1)
  2 goblins (D:1)
  2 ball pythons (D:1)
  A frilled lizard (D:1)
  7 rats (D:1)
14 creatures vanquished.

Table legend: (Time is in decaauts)
 A = Elapsed time spent in this place.
 B = Non-inter-level travel time spent in this place.
 C = Inter-level travel time spent in this place.
 D = Time resting spent in this place.
 E = Time spent auto-exploring this place.
 F = Levels seen in this place.
 G = Mean time per level.
                   A        B        C        D        E       F      G
               +--------+--------+--------+--------+--------+-----+--------+
         Total |    612 |    598 |     14 |    119 |    370 |   1 |  612.0 |
       Dungeon |    612 |    598 |     14 |    119 |    370 |   1 |  612.0 |
               +--------+--------+--------+--------+--------+-----+--------+

Top non-repeatable levels by time:
     D:1: 612 daAuts

Table legend:
 A = Non-vault XP
 B = Vault XP
 C = Vault XP percentage of total XP
 D = Non-vault monster count
 E = Vault monster count
 F = Vault count percentage of total count
                 A         B        C        D         E       F
            +---------+---------+-------+---------+---------+-------
      Total |      21 |       0 |   0.0 |      14 |       0 |   0.0
            +---------+---------+-------+---------+---------+-------
        D:1 |      21 |       0 |   0.0 |      14 |       0 |   0.0
            +---------+---------+-------+---------+---------+-------
